SAA
ATLANTIC CITY SONICS @ TOLEDO SABOTEURS
08/17/2042
 
TOP OF THE 1ST
Atlantic City Sonics batting - Pitching for Toledo Saboteurs : RHP Hakumele Apelama
Pitching: RHP Hakumele Apelama
Batting: LHB Jorge Quilez 0-0: SINGLE (Line Drive, 78M, EV 93.1 MPH)
Batting: RHB Román Ramírez 0-0: Ball
1-0: Ball
2-0: Called Strike
2-1: Fielders Choice at 2nd, 6-4 (Groundball, 6, EV 76.2 MPH)
Batting: RHB Luis Rodríguez 0-0: Ball
1-0: Ball
2-0: Foul Ball, location: 2F
2-1: Foul Ball, location: 2F
2-2: Foul Ball, location: 2F
2-2: Grounds into double play, 5-4-3 (Groundball, 5, EV 100.0 MPH)
Top of the 1st over - 0 runs, 1 hit, 0 errors, 0 left on base; Atlantic City 0 - Toledo 0
BOTTOM OF THE 1ST
Toledo Saboteurs batting - Pitching for Atlantic City Sonics : LHP Pepe Fontirroig
Pitching: LHP Pepe Fontirroig
Batting: LHB Gwang-soo Deungjeong 0-0: Swinging Strike
0-1: Swinging Strike
0-2: Strikes out swinging
Batting: RHB Ron Ficco 0-0: Called Strike
0-1: Swinging Strike
0-2: Strikes out swinging
Batting: RHB Niek Bendt 0-0: Ball
1-0: Ball
2-0: Called Strike
2-1: Ball
3-1: Foul Ball, location: 2F
3-2: Base on Balls
Batting: RHB Coy MacKey 0-0: Ball
1-0: Foul Ball, location: 2F
1-1: Fielders Choice at 2nd, 6-4 (Groundball, 6, EV 107.5 MPH)
Bottom of the 1st over - 0 runs, 0 hits, 0 errors, 1 left on base; Atlantic City 0 - Toledo 0
TOP OF THE 2ND
Atlantic City Sonics batting - Pitching for Toledo Saboteurs : RHP Hakumele Apelama
Batting: RHB Raffaello Dichio 0-0: Ball
1-0: Called Strike
1-1: Fly out, F4 (Popup, 4, EV 60.0 MPH)
Batting: RHB Garm van Opdorp 0-0: Ball
1-0: Ball
2-0: Ball
3-0: Base on Balls
Batting: LHB Luis Ortíz 0-0: Ball
1-0: Fly out, F7 (Line Drive, 7D, EV 88.1 MPH)
Batting: RHB Denis Perrin 0-0: Ball
1-0: Ball
2-0: Foul Ball, location: 2F
2-1: Called Strike
2-2: Foul Ball, location: 2F
2-2: Fly out, F9 (Line Drive, 9LM, EV 100.0 MPH)
Top of the 2nd over - 0 runs, 0 hits, 0 errors, 1 left on base; Atlantic City 0 - Toledo 0
BOTTOM OF THE 2ND
Toledo Saboteurs batting - Pitching for Atlantic City Sonics : LHP Pepe Fontirroig
Batting: SHB Mark Thomas 0-0: Ball
1-0: SINGLE (Groundball, 56D, EV 110.6 MPH)
Batting: SHB Ralph Titus 0-0: Ball
1-0: Ball
2-0: Called Strike
2-1: Called Strike
2-2: Foul Ball, location: 2F
2-2: Foul Ball, location: 2F
2-2: TRIPLE (Flyball, 7D, EV 101.2 MPH)
Mark Thomas scores
Batting: SHB Manuel Ortíz 0-0: Ball
1-0: Ball
2-0: Ball
3-0: Called Strike
3-1: Base on Balls
Batting: LHB Xie-li Shiu 0-0: Foul Ball, location: 2F
0-1: Ball
1-1: Swinging Strike
1-2: Ball
2-2: SINGLE (Line Drive, 56, EV 96.9 MPH)
Ralph Titus scores
Manuel Ortíz to second
Batting: RHB Pedro Trevino 0-0: Ball
1-0: Ball
2-0: Called Strike
2-1: Fielders Choice at 2nd, 5-4 (Groundball, 5, EV 98.1 MPH)
Manuel Ortíz to third
Batting: LHB Gwang-soo Deungjeong 0-0: Called Strike
0-1: Ball
1-1: Called Strike
1-2: Ball
2-2: Foul Ball, location: 2F
2-2: Strikes out swinging
Batting: RHB Ron Ficco 0-0: Fly out, F8 (Flyball, 78S, EV 91.9 MPH)
Bottom of the 2nd over - 2 runs, 3 hits, 0 errors, 2 left on base; Atlantic City 0 - Toledo 2
TOP OF THE 3RD
Atlantic City Sonics batting - Pitching for Toledo Saboteurs : RHP Hakumele Apelama
Batting: RHB Abhipala Srivastav 0-0: Ball
1-0: Called Strike
1-1: Called Strike
1-2: Ball
2-2: Fly out, F7 (Flyball, 7, EV 93.8 MPH)
Batting: RHB Jaime López 0-0: Ball
1-0: Called Strike
1-1: Ball
2-1: Swinging Strike
2-2: Foul Ball, location: 2F
2-2: Foul Ball, location: 2F
2-2: Ball
3-2: Strikes out looking
Batting: LHB Jorge Quilez 0-0: Foul Ball, location: 2F
0-1: Swinging Strike
0-2: SINGLE (Line Drive, 56, EV 103.8 MPH)
Batting: RHB Román Ramírez 0-0: Called Strike
0-1: Called Strike
Jorge Quilez is caught stealing 2nd base 2-4
Top of the 3rd over - 0 runs, 1 hit, 0 errors, 0 left on base; Atlantic City 0 - Toledo 2
BOTTOM OF THE 3RD
Toledo Saboteurs batting - Pitching for Atlantic City Sonics : LHP Pepe Fontirroig
Batting: RHB Niek Bendt 0-0: Called Strike
0-1: Foul Ball, location: 2F
0-2: Strikes out looking
Batting: RHB Coy MacKey 0-0: Ball
1-0: Ground out 4-3 (Groundball, 4, EV 84.4 MPH)
Batting: SHB Mark Thomas 0-0: Ball
1-0: DOUBLE (Flyball, 7LD, EV 104.4 MPH)
Batting: SHB Ralph Titus 0-0: Fly out, F8 (Flyball, 8LS, EV 93.1 MPH)
Bottom of the 3rd over - 0 runs, 1 hit, 0 errors, 1 left on base; Atlantic City 0 - Toledo 2
TOP OF THE 4TH
Atlantic City Sonics batting - Pitching for Toledo Saboteurs : RHP Hakumele Apelama
Batting: RHB Román Ramírez 0-0: DOUBLE (Groundball, 5L, EV 101.2 MPH)
Batting: RHB Luis Rodríguez 0-0: Ball
1-0: Swinging Strike
1-1: Ball
2-1: Ball
3-1: Swinging Strike
3-2: Fly out, F9 (Flyball, 89S, EV 85.0 MPH)
Batting: RHB Raffaello Dichio 0-0: Called Strike
0-1: Ground out 5-3 (Groundball, 56, EV 80.0 MPH)
Batting: RHB Garm van Opdorp 0-0: Fly out, F4 (Popup, 23, EV 85.6 MPH)
Top of the 4th over - 0 runs, 1 hit, 0 errors, 1 left on base; Atlantic City 0 - Toledo 2
BOTTOM OF THE 4TH
Toledo Saboteurs batting - Pitching for Atlantic City Sonics : LHP Pepe Fontirroig
Batting: SHB Manuel Ortíz 0-0: Ground out 1-3 (Groundball, 34S, EV 68.8 MPH)
Batting: LHB Xie-li Shiu 0-0: Ball
1-0: Called Strike
1-1: Foul Ball, location: 2F
1-2: Strikes out swinging
Batting: RHB Pedro Trevino 0-0: Swinging Strike
0-1: Foul Ball, location: 2F
0-2: Ball
1-2: Strikes out swinging
Bottom of the 4th over - 0 runs, 0 hits, 0 errors, 0 left on base; Atlantic City 0 - Toledo 2
TOP OF THE 5TH
Atlantic City Sonics batting - Pitching for Toledo Saboteurs : RHP Hakumele Apelama
Batting: LHB Luis Ortíz 0-0: Ball
1-0: SINGLE (Line Drive, 8RS, EV 109.4 MPH)
Batting: RHB Denis Perrin 0-0: Bunted foul
0-1: Sac Bunt to 15S - play at first, batter OUT! 1-4
Luis Ortíz to second
Batting: RHB Abhipala Srivastav 0-0: Ball
1-0: Called Strike
1-1: SINGLE (Line Drive, 89S, EV 108.8 MPH)
Luis Ortíz to third
Batting: RHB Jaime López 0-0: Ball
1-0: Foul Ball, location: 2F
1-1: Swinging Strike
1-2: Ball
Abhipala Srivastav steals 2nd base
2-2: Ball
3-2: Foul Ball, location: 2F
3-2: DOUBLE (Groundball, 5L, EV 103.8 MPH)
Luis Ortíz scores
Abhipala Srivastav scores
Batting: LHB Jorge Quilez 0-0: Foul Ball, location: 2F
0-1: SINGLE (Line Drive, 4MD, EV 106.9 MPH)
Jaime López to third
Runner from 3rd tries for Home, SAFE, no throw by CF
Batting: RHB Román Ramírez 0-0: Ball
1-0: Foul Ball, location: 2F
1-1: Swinging Strike
1-2: Strikes out swinging
Batting: RHB Luis Rodríguez 0-0: Ball
1-0: Called Strike
1-1: Foul Ball, location: 2F
1-2: Ball
2-2: Ball
3-2: Ground out 1-3 (Groundball, 13S, EV 68.1 MPH)
Top of the 5th over - 3 runs, 4 hits, 0 errors, 1 left on base; Atlantic City 3 - Toledo 2
BOTTOM OF THE 5TH
Toledo Saboteurs batting - Pitching for Atlantic City Sonics : LHP Pepe Fontirroig
Batting: LHB Gwang-soo Deungjeong 0-0: Ground out 3-1 (Groundball, 34, EV 78.1 MPH)
Batting: RHB Ron Ficco 0-0: Called Strike
0-1: Called Strike
0-2: Ball
1-2: Ball
2-2: Foul Ball, location: 2F
2-2: Foul Ball, location: 2F
2-2: Ball
3-2: Base on Balls
Batting: RHB Niek Bendt 0-0: Called Strike
0-1: Ball
1-1: Swinging Strike
1-2: Foul Ball, location: 2F
1-2: Ball
2-2: Ball
3-2: Strikes out swinging
Batting: RHB Coy MacKey 0-0: Ball
1-0: Called Strike
1-1: Ball
2-1: Swinging Strike
2-2: Ground out 3-1 (Groundball, 34, EV 85.6 MPH)
Bottom of the 5th over - 0 runs, 0 hits, 0 errors, 1 left on base; Atlantic City 3 - Toledo 2
TOP OF THE 6TH
Atlantic City Sonics batting - Pitching for Toledo Saboteurs : RHP Hakumele Apelama
Batting: RHB Raffaello Dichio 0-0: Ground out 5-3 (Groundball, 56, EV 85.0 MPH)
Batting: RHB Garm van Opdorp 0-0: Foul Ball, location: 2F
0-1: Foul Ball, location: 2F
0-2: Ball
1-2: Ball
2-2: SOLO HOME RUN (Flyball, 7D, EV 88.1 MPH), Distance : 356 ft
Batting: LHB Luis Ortíz 0-0: Ball
1-0: Ground out U3 (Groundball, 3S, EV 83.1 MPH)
Batting: RHB Denis Perrin 0-0: Called Strike
0-1: SINGLE (Groundball, 6MD, EV 96.2 MPH)
Batting: RHB Abhipala Srivastav 0-0: Foul Ball, location: 2F
0-1: Ball
1-1: Called Strike
1-2: Strikes out swinging
Top of the 6th over - 1 run, 2 hits, 0 errors, 1 left on base; Atlantic City 4 - Toledo 2
BOTTOM OF THE 6TH
Toledo Saboteurs batting - Pitching for Atlantic City Sonics : LHP Pepe Fontirroig
Batting: SHB Mark Thomas 0-0: Ball
1-0: Ball
2-0: Called Strike
2-1: Swinging Strike
2-2: DOUBLE (Flyball, 78D, EV 101.9 MPH)
Batting: SHB Ralph Titus 0-0: Swinging Strike
0-1: Swinging Strike
0-2: Strikes out swinging
Batting: SHB Manuel Ortíz 0-0: Swinging Strike
0-1: Ball
1-1: Ball
2-1: Foul Ball, location: 2F
2-2: Ball
3-2: Foul Ball, location: 2F
3-2: Strikes out swinging
Batting: LHB Xie-li Shiu 0-0: Foul Ball, location: 2F
0-1: Ball
1-1: Ball
2-1: Ground out U3 (Groundball, 3, EV 95.6 MPH)
Bottom of the 6th over - 0 runs, 1 hit, 0 errors, 1 left on base; Atlantic City 4 - Toledo 2
TOP OF THE 7TH
Atlantic City Sonics batting - Pitching for Toledo Saboteurs : RHP Hakumele Apelama
Batting: RHB Jaime López 0-0: Called Strike
0-1: Foul Ball, location: 2F
0-2: Ball
1-2: Strikes out swinging
Batting: LHB Jorge Quilez 0-0: Ball
1-0: Called Strike
1-1: Swinging Strike
1-2: Strikes out swinging
Batting: RHB Román Ramírez 0-0: Ball
1-0: Ball
2-0: SINGLE (Groundball, 34D, EV 105.0 MPH)
Batting: RHB Luis Rodríguez 0-0: Called Strike
Román Ramírez is caught stealing 2nd base 2-4
Top of the 7th over - 0 runs, 1 hit, 0 errors, 0 left on base; Atlantic City 4 - Toledo 2
BOTTOM OF THE 7TH
Toledo Saboteurs batting - Pitching for Atlantic City Sonics : LHP Pepe Fontirroig
Pitching: RHP Peter Routledge
Batting: RHB Pedro Trevino 0-0: Fly out, F9 (Line Drive, 9D, EV 89.4 MPH)
Batting: LHB Gwang-soo Deungjeong 0-0: Ball
1-0: Called Strike
1-1: Called Strike
1-2: Foul Ball, location: 2F
1-2: Ground out 4-3 (Groundball, 4, EV 98.8 MPH)
Batting: RHB Ron Ficco 0-0: Swinging Strike
0-1: Ball
1-1: Ball
2-1: SINGLE (Groundball, 6MD, EV 98.8 MPH)
Batting: RHB Niek Bendt 0-0: Ball
Ron Ficco steals 2nd base
1-0: Foul Ball, location: 2F
1-1: Foul Ball, location: 2F
1-2: Strikes out swinging
Bottom of the 7th over - 0 runs, 1 hit, 0 errors, 1 left on base; Atlantic City 4 - Toledo 2
TOP OF THE 8TH
Atlantic City Sonics batting - Pitching for Toledo Saboteurs : RHP Hakumele Apelama
Batting: RHB Luis Rodríguez 0-0: Called Strike
0-1: Ball
1-1: Foul Ball, location: 2F
1-2: Ball
2-2: Foul Ball, location: 2F
2-2: Ball
3-2: Foul Ball, location: 2F
3-2: Strikes out swinging
Pitching: RHP Robert Young
Batting: RHB Raffaello Dichio 0-0: Ground out 5-3 (Groundball, 56, EV 80.6 MPH)
Batting: RHB Garm van Opdorp 0-0: Ball
1-0: Ball
2-0: Called Strike
2-1: Swinging Strike
2-2: Foul Ball, location: 2F
2-2: Foul Ball, location: 2F
2-2: Strikes out swinging
Top of the 8th over - 0 runs, 0 hits, 0 errors, 0 left on base; Atlantic City 4 - Toledo 2
BOTTOM OF THE 8TH
Toledo Saboteurs batting - Pitching for Atlantic City Sonics : RHP Peter Routledge
Batting: RHB Coy MacKey 0-0: Ball
1-0: Ball
2-0: Called Strike
2-1: Ball
3-1: Called Strike
3-2: Base on Balls
Batting: SHB Mark Thomas 0-0: Swinging Strike
0-1: Foul Ball, location: 2F
0-2: Fly out, F9 (Flyball, 9, EV 80.0 MPH)
Batting: SHB Ralph Titus 0-0: Ball
1-0: Called Strike
1-1: Ball
2-1: Foul Ball, location: 2F
2-2: Ball
3-2: Base on Balls
Coy MacKey to second
Batting: SHB Manuel Ortíz 0-0: Swinging Strike
0-1: Ball
1-1: Called Strike
1-2: Foul Ball, location: 2F
1-2: Grounds into double play, 1-6-3 (Groundball, 13S, EV 71.2 MPH)
Bottom of the 8th over - 0 runs, 0 hits, 0 errors, 1 left on base; Atlantic City 4 - Toledo 2
TOP OF THE 9TH
Atlantic City Sonics batting - Pitching for Toledo Saboteurs : RHP Robert Young
Batting: LHB Luis Ortíz 0-0: Fly out, F7 (Line Drive, 7D, EV 88.8 MPH)
Batting: RHB Denis Perrin 0-0: Foul Ball, location: 2F
0-1: Ball
1-1: Ground out 4-3 (Groundball, 4M, EV 86.9 MPH)
Batting: RHB Abhipala Srivastav 0-0: Ball
1-0: Called Strike
1-1: SINGLE (Line Drive, 78S, EV 100.6 MPH)
Batting: RHB Jaime López 0-0: Called Strike
0-1: Ball
1-1: Foul Ball, location: 2F
1-2: Strikes out swinging
Top of the 9th over - 0 runs, 1 hit, 0 errors, 1 left on base; Atlantic City 4 - Toledo 2
BOTTOM OF THE 9TH
Toledo Saboteurs batting - Pitching for Atlantic City Sonics : RHP Peter Routledge
Pitching: LHP Fernando Mora
Batting: LHB Xie-li Shiu 0-0: Ball
1-0: Called Strike
1-1: Ball
2-1: Called Strike
2-2: Ball
3-2: Foul Ball, location: 2F
3-2: Strikes out swinging
Batting: RHB Pedro Trevino 0-0: Ball
1-0: Ball
2-0: Swinging Strike
2-1: Ball
3-1: Fly out, F4 (Line Drive, 4, EV 76.2 MPH)
Batting: LHB Gwang-soo Deungjeong 0-0: Called Strike
0-1: Ground out 6-3 (Groundball, 6M, EV 98.8 MPH)
Bottom of the 9th over - 0 runs, 0 hits, 0 errors, 0 left on base; Atlantic City 4 - Toledo 2
Friday, March 26th, 2021 - OOTP Baseball 20.8 Build 74